 Dungeon Crawl Stone Soup version 0.26-a0-651-gb41185065b (webtiles) character file.

Game seed: 15391047690591514610

604 grandjackal the Ducker (level 7, 0/55 HPs)
             Began as a Demonspawn Gladiator on Sept 30, 2020.
             Killed by divine providence
             ... invoked by an orc priest
              (14 damage)
             ... on level 5 of the Dungeon.
             The game lasted 00:05:48 (3691 turns).

grandjackal the Ducker (Demonspawn Gladiator)       Turns: 3691, Time: 00:05:49

Health: 0/55       AC: 10    Str: 23    XL:     7   Next: 18%
Magic:  7/7        EV: 14    Int:  9    God:
Gold:   245        SH:  0    Dex: 20    Spells: 6/6 levels left

rFire    . . .     SeeInvis .   a - +0 long sword
rCold    . . .     Faith    .   (no shield)
rNeg     . . .     Spirit   .   g - +0 ring mail
rPois    .         Reflect  .   c - +0 helmet
rElec    .         Harm     .   (no cloak)
rCorr    .         Rampage  .   E - +0 pair of gloves
MR       .....                  (no boots)
Stlth    +.........             (no amulet)
HPRegen  1.18/turn              F - +6 ring of dexterity
MPRegen  0.10/turn              A - +6 ring of strength

@: no status effects
A: talons 2, yellow scales 2, powered by death 1
a: no special abilities


You were on level 5 of the Dungeon.
You visited 1 branch of the dungeon, and saw 5 of its levels.

You collected 245 gold pieces.

Inventory:

Hand Weapons
 a - a +0 long sword (weapon)
Missiles
 d - 2 throwing nets (quivered)
Armour
 c - a +0 helmet (worn)
 g - a +0 ring mail (worn)
 z - a +0 buckler
 E - a +0 pair of gloves (worn)
Jewellery
 r - a +6 ring of intelligence
 A - a +6 ring of strength (right hand)
 F - a +6 ring of dexterity (left hand)
 G - an uncursed amulet of the acrobat {unknown}
Wands
 D - a wand of flame (16)
Scrolls
 e - 2 scrolls of teleportation {unknown}
 f - a scroll of enchant weapon {unknown}
 h - 5 scrolls of identify {unknown}
 i - 4 scrolls of remove curse {unknown}
 m - 4 scrolls of blinking {unknown}
 o - 2 scrolls of random uselessness {unknown}
 t - 2 scrolls of fog {unknown}
 v - a scroll of amnesia {unknown}
 w - a scroll of enchant armour {unknown}
 y - 3 scrolls of magic mapping {unknown}
 B - a scroll of immolation {unknown}
 H - 2 scrolls of noise {unknown}
 I - a scroll of fear {unknown}
Potions
 b - 4 potions of haste
 j - 3 potions of curing {unknown}
 k - a potion of might {unknown}
 l - a potion of invisibility {unknown}
 n - a potion of berserk rage {unknown}
 p - 2 potions of heal wounds {unknown}
 q - 2 potions of flight {unknown}
 s - 2 potions of experience {unknown}
 u - a potion of mutation {unknown}
 x - a potion of degeneration {unknown}
 C - a potion of stabbing {unknown}


   Skills:
 + Level 4.8 Fighting
 + Level 4.9 Long Blades
 - Level 1.7 Throwing
 + Level 4.9 Dodging


You had 6 spell levels left.
You didn't know any spells.
Your spell library was empty.

Dungeon Overview and Level Annotations

Branches:
Dungeon (5/15)
 Temple: D:4-7

Altars:
Ashenzari
Fedhas
Gozag
Sif Muna
Trog
Wu Jian


Innate Abilities, Weirdness & Mutations

You have razor-sharp toenails.
You are mostly covered in yellow scales. (AC +3)
You regenerate a little health from kills.


Message History

The centaur is almost dead.
The centaur closely misses you.
You riposte.
Your ring mail prevents you from hitting the centaur.
Your kick misses the centaur.
The centaur is almost dead.
The orc priest calls down the wrath of Beogh upon you.
Beogh smites you! The centaur hits you!
* * * LOW HITPOINT WARNING * * *
You hear a shout! x2
You are too injured to fight recklessly!
You are too injured to fight recklessly!
You hit the centaur. You claw the centaur, but do no damage.
The centaur is almost dead.
The centaur barely misses you.
The centaur hits you but does no damage.
You hit the centaur.
You kill the centaur!
The orc priest mumbles some strange prayers to Beogh against you.
Beogh smites you!
You die...

#######........#
#.###...## . #.#
#.### .. ## #.#
#.# ##.. .#
#.###.## ... .#
#.##...##.# .#
#.........# ##
#....((.####.# #
#.......(@)o.# #
#.......######
###### #......##
.............##
#########..###
.# #..# .# ...#
.# .#


You could see an orc priest.

Vanquished Creatures
  An ogre (D:5)
  A centaur (D:5)
  2 scorpions (D:5)
  Natasha (thrice) (D:2)
  Terence (D:3)
  3 worker ants
  Robin (D:2)
  4 adders
  4 oozes
  An adder skeleton (D:4)
  An adder zombie (D:5)
  2 worms (D:2)
  2 dart slugs
  2 leopard geckos
  8 orcs
  A ball python (D:1)
  7 bats
  7 giant cockroaches
  16 goblins
  7 hobgoblins
  8 kobolds
  6 frilled lizards
  5 rats
93 creatures vanquished.

Notes
Turn   | Place    | Note
-------+----------+-------------------------------------------
     0 | D:1      | grandjackal the Demonspawn Gladiator began the quest for
                  | the Orb.
     0 | D:1      | Reached XP level 1. HP: 16/16 MP: 1/1
    48 | D:1      | You fall into a shaft and drop 1 floor!
    48 | D:2      | Noticed Natasha
    51 | D:2      | Noticed a crimson imp
    57 | D:2      | Killed Natasha
    57 | D:2      | Gained mutation: You have sharp toenails. [demonic
                  | ancestry]
    57 | D:2      | Reached XP level 2. HP: 8/23 MP: 2/2
    57 | D:2      | Gained mutation: You are partially covered in yellow
                  | scales. (AC +2) [demonic ancestry]
    57 | D:2      | Reached XP level 3. HP: 10/28 MP: 3/3
   357 | D:2      | Found a broken altar of Ashenzari.
   358 | D:2      | Found an ornate altar of the Wu Jian Council.
   836 | D:1      | Gained mutation: You regenerate a little health from kills.
                  | [demonic ancestry]
   836 | D:1      | Reached XP level 4. HP: 35/35 MP: 4/4
  1023 | D:2      | Noticed Natasha
  1026 | D:2      | Found a bloodstained altar of Trog.
  1040 | D:2      | Killed Natasha
  1192 | D:2      | Gained mutation: You have razor-sharp toenails. [demonic
                  | ancestry]
  1192 | D:2      | Reached XP level 5. HP: 30/41 MP: 5/5
  1371 | D:2      | Noticed Natasha
  1386 | D:2      | Killed Natasha
  1389 | D:2      | Noticed Robin
  1397 | D:2      | Killed Robin
  2171 | D:3      | Noticed Terence
  2178 | D:3      | Killed Terence
  2438 | D:3      | Found a shimmering blue altar of Sif Muna.
  2439 | D:3      | Found a blossoming altar of Fedhas.
  2575 | D:3      | Gained mutation: You are mostly covered in yellow scales.
                  | (AC +3) [demonic ancestry]
  2575 | D:3      | Reached XP level 6. HP: 48/48 MP: 6/6
  2748 | D:4      | Found an opulent altar of Gozag.
  3305 | D:5      | Entered Level 5 of the Dungeon
  3315 | D:5      | Found a bloodstained altar of Trog.
  3547 | D:5      | Reached XP level 7. HP: 32/55 MP: 7/7
  3691 | D:5      | Killed from afar by an orc priest

Illustrated notes

Levels and vault maps discovered:
D:1:      sevenhm_arrival_forest_fort_small_6, layout_rooms,
          grunt_decor_one_mirror, st_stairs_5, minivault_24,
          kennysheep_decorative_pillar
D:2:      layout_basic, old_standard_altar, grunt_temple_overflow_open,
          uniq_natasha, uniq_robin
D:3:      layout_loops_ring, minitemple, serial_glass, glass_columns_b,
          glass_columns_a, glass_columns_a, uniq_terence
D:4:      layout_loops_cross, nicolae_gozag_cash_rules_everything_around_me
D:5:      layout_loops_ring, lightli_sewer_entry_pipes, bloody_trog, uniq_edmund

Skill      XL: |  1  2  3  4  5  6 |
---------------+-------------------+-----
Long Blades    | 3 4 |  4.9
Dodging        | 3 4 |  4.9
Fighting       | 3 4 |  4.8
Throwing       | |  1.7

Action                   |  1- 3 |  4- 6 |  7- 9 || total
-------------------------+-------+-------+-------++-------
Melee: Long sword        |    57 |   170 |     9 ||   236
       Kick              |    13 |    57 |     5 ||    75
Throw: Throwing net      |     2 |       |       ||     2
Armor: Ring mail         |    16 |    56 |     7 ||    79
       Leather armour    |     6 |       |       ||     6
Dodge: Dodged            |    43 |   115 |     7 ||   165
       Rpst.: Long sword |    19 |    41 |     1 ||    61

Table legend: (Time is in decaauts)
 A = Elapsed time spent in this place.
 B = Non-inter-level travel time spent in this place.
 C = Inter-level travel time spent in this place.
 D = Time resting spent in this place.
 E = Time spent auto-exploring this place.
 F = Levels seen in this place.
 G = Mean time per level.
                   A        B        C        D        E       F      G
               +--------+--------+--------+--------+--------+-----+--------+
         Total |   3738 |   3602 |    136 |    450 |   2497 |   5 |  747.6 |
       Dungeon |   3738 |   3602 |    136 |    450 |   2497 |   5 |  747.6 |
               +--------+--------+--------+--------+--------+-----+--------+

Top non-repeatable levels by time:
     D:2: 1395 daAuts
     D:3: 708 daAuts
     D:1: 663 daAuts
     D:4: 581 daAuts
     D:5: 390 daAuts
